 Dungeon Crawl Stone Soup version 0.21.0-3-g78d12a8 (webtiles) character file.

407 tidbits the Sneak (level 6, -3/33 HPs)
             Began as a Vine Stalker Wizard on Jan 11, 2018.
             Slain by Pikel
             ... wielding a +1 whip of freezing
              (4 damage)
             ... on level 5 of the Dungeon.
             The game lasted 00:14:36 (2095 turns).

tidbits the Sneak (Vine Stalker Wizard)             Turns: 2095, Time: 00:14:37

Health: -3/33      AC:  4    Str: 11    XL:     6   Next: 88%
Magic:  0/11       EV: 11    Int: 18    God:
Gold:   130        SH:  0    Dex: 13    Spells: 10/11 levels left

rFire    . . .     SeeInvis .   a - +1 war axe (drain)
rCold    . . .     Gourm    .   (no shield)
rNeg     . . .     Faith    .   B - +0 leather armour
rPois    .         Spirit   +   E - +1 hat
rElec    .         Reflect  .   (no cloak)
rCorr    .         Harm     .   (no gloves)
MR       .....                  (no boots)
Stlth    +++.......             (no amulet)
HPRegen  0.51/turn              (no ring)
MPRegen  0.12/turn              (no ring)

@: no status effects
A: fangs 2, regeneration 1, magic shield, antimagic bite, no potion heal 3, rot
immunity
a: no special abilities


You were on level 5 of the Dungeon.
You were not hungry.

You visited 1 branch of the dungeon, and saw 5 of its levels.

You collected 130 gold pieces.

Inventory:

Hand Weapons
 a - a +1 war axe of draining (weapon)
   (You took it off an orc on level 4 of the Dungeon)
 b - a +0 dagger
 e - a +0 hunting sling
 i - a +0 club
 j - a +0 whip
 p - a +0 blowgun
 w - a +0 falchion
Missiles
 q - 7 poisoned needles
 x - 28 arrows
Armour
 g - a +0 ring mail
 h - a +0 hat
 v - a +0 robe
 B - a +0 leather armour (worn)
 E - a +1 hat (worn)
Jewellery
 s - an uncursed ring of teleportation
   (You found it on level 3 of the Dungeon)
Scrolls
 f - a scroll of remove curse
 m - 3 scrolls of teleportation {unknown}
 n - a scroll of amnesia
 r - a scroll of fear
Potions
 o - a potion of heal wounds
 u - a potion of brilliance
Books
 c - a book of Minor Magic

   Spells                             Type                      Level
   a - Magic Dart                     Conjuration                  1
   b - Blink                          Translocation                2
   c - Call Imp                       Summoning                    2
   d - Slow                           Hexes                        2
   e - Conjure Flame                  Conjuration/Fire             3
   f - Mephitic Cloud                 Conjuration/Poison/Air       3
Comestibles
 d - 4 rations


   Skills:
 + Level 3.6 Fighting
 - Level 2.6 Short Blades
 - Level 1.5 Dodging
 + Level 6.0 Stealth
 - Level 3.2 Spellcasting
 - Level 1.0 Conjurations
   Level 1.0 Summonings
   Level 1.0 Translocations


You had 10 spell levels left.
You knew the following spells:

 Your Spells              Type           Power        Failure   Level  Hunger
a - Magic Dart            Conj           #...         14%         1    None


Dungeon Overview and Level Annotations

Branches:
Dungeon (5/15)
 Temple: D:4-7

Altars:
Ashenzari
Ru
Uskayaw

Annotations:
D:3 dscm's ghost, weakling OpNe
D:5 Pikel


Innate Abilities, Weirdness & Mutations

You have extremely sharp teeth.
Your natural rate of healing is unusually fast.
When hurt, damage is shared between your health and your magic reserves.
Your bite disrupts and absorbs the magic of your enemies.
Potions cannot restore your health.
You are immune to rotting.


Message History

You barely miss the crimson imp. Your bite misses the crimson imp.
The crimson imp hits you but does no damage.
You miss the crimson imp. The crimson imp barely misses you. x2
You hit the crimson imp. Your bite misses the crimson imp.
The crimson imp is lightly wounded.
The crimson imp barely misses you.
You hit the crimson imp.
The crimson imp is moderately wounded.
The crimson imp hits you. The crimson imp closely misses you.
You closely miss the crimson imp. Your bite misses the crimson imp.
The crimson imp is lightly wounded.
The crimson imp barely misses you.
You miss the crimson imp.
The crimson imp shouts, "Slither hence, thou loggerheaded ill-nurtured bounder!"
The crimson imp hits you but does no damage.
The crimson imp barely misses you.
You closely miss the crimson imp. The crimson imp closely misses you.
You barely miss the crimson imp. Your bite misses the crimson imp.
The crimson imp closely misses you. The crimson imp hits you.
Your leather armour prevents you from hitting the crimson imp.
The crimson imp barely misses you.
You closely miss the crimson imp. You bite the crimson imp.
The crimson imp's magic leaks into the air.
You drain its magic.
You feel invigorated.
The crimson imp is moderately wounded.
The crimson imp barely misses you.
The crimson imp blinks!
The crimson imp falters for a moment.
The crimson imp closely misses you.
You slash the crimson imp!
You bite the crimson imp, but do no damage.
The crimson imp is severely wounded.
The crimson imp hits you.
You closely miss the crimson imp. Your bite misses the crimson imp.
The crimson imp is heavily wounded.
The crimson imp grins evilly.
The crimson imp hits you.
The crimson imp falters for a moment.
You slash the crimson imp!
You kill the crimson imp!
Your Stealth skill increases to level 6!
No target in view!
No target in view!
No target in view!
There is an escape hatch in the floor here.
You now have 130 gold pieces (gained 13).
You hear a distant blaring wail to the northwest.
You hear a shout! x2; You hear a howl!
b - a +0 dagger (weapon)
A slave and Pikel come into view.
Pikel is wielding a whip of freezing.
You sense an unholy aura.
a - a +1 war axe of draining (weapon)
Okay, then.
Okay, then.
Okay, then.
A slave comes into view.
A slave comes into view.
The slave shouts!
You hear a shout!
You barely miss Pikel. Your bite misses Pikel.
Pikel hits you with a whip of freezing! Pikel freezes you.
Pikel hits you with a whip of freezing! Pikel freezes you.
* * * LOW HITPOINT WARNING * * *
A slave comes into view.
You hit Pikel. You drain Pikel!
Pikel is moderately wounded.
Pikel barely misses you.
You closely miss Pikel. You bite Pikel, but do no damage.
Pikel is moderately wounded.
Pikel closely misses you. Pikel barely misses you.
You hit Pikel. You drain Pikel! Your bite misses Pikel.
Pikel is moderately wounded.
Pikel hits you with a whip of freezing.
* * * LOW HITPOINT WARNING * * *
Pikel freezes you.
* * * LOW HITPOINT WARNING * * *
You closely miss Pikel. Your bite misses Pikel.
Pikel is moderately wounded.
Pikel hits you with a whip of freezing.
* * * LOW HITPOINT WARNING * * *
Pikel freezes you.
* * * LOW HITPOINT WARNING * * *
Pikel closely misses you.
You hit Pikel. Your bite misses Pikel.
Pikel is heavily wounded.
Pikel hits you with a whip of freezing.
* * * LOW HITPOINT WARNING * * *
Pikel freezes you.
* * * LOW HITPOINT WARNING * * *
Unknown command.
Unknown command.
Casting: Magic Dart
Confirm with . or Enter, or press ? or * to list all spells.
Aiming: Magic Dart
Press: ? - help, Shift-Dir - straight line, f - Pikel
Aim: Pikel, wielding a whip of freezing and wearing a robe (heavily wounded, lightly drained)
The magic dart hits Pikel.
Pikel is heavily wounded.
Pikel hits you with a whip of freezing!
* * * LOW HITPOINT WARNING * * *
Pikel freezes you.
You die...

######....#
#>##.# #.#
.# #.# #
..######.#
.........#
..######.#
#.# #@# #K#
#p#
#...ppp..#
#.##..####
#..# ...#
....# ...##


You could see Pikel and 4 slaves.

Vanquished Creatures
  An ogre (D:4)
  A crimson imp (D:5)
  A hound (D:4)
  An orc wizard (D:4)
  Jessica (D:2)
  An iguana (D:4)
  A worker ant (D:4)
  7 adders
  An ooze (D:1)
  An adder skeleton (D:4)
  3 worms
  2 dart slugs (D:2)
  10 orcs
  A ball python (D:2)
  6 bats
  4 giant cockroaches
  5 goblins
  7 hobgoblins
  4 jackals
  2 quokkas
  4 frilled lizards
  7 kobolds
  7 rats
78 creatures vanquished.

Notes
Turn   | Place    | Note
-------+----------+-------------------------------------------
     0 | D:1      | tidbits the Vine Stalker Wizard began the quest for the Orb.
     0 | D:1      | Reached XP level 1. HP: 9/9 MP: 5/5
   200 | D:1      | Reached XP level 2. HP: 14/14 MP: 2/7
   206 | D:1      | Reached skill level 3 in Stealth
   303 | D:1      | Reached skill level 1 in Fighting
   309 | D:2      | Noticed Jessica
   314 | D:2      | Killed Jessica
   314 | D:2      | Reached XP level 3. HP: 18/18 MP: 2/8
   588 | D:1      | Reached skill level 4 in Stealth
   652 | D:2      | Reached skill level 2 in Fighting
   652 | D:2      | Gained mutation: Your natural rate of healing is unusually fast. [Vine Stalker growth]
   652 | D:2      | Reached XP level 4. HP: 23/23 MP: 7/9
  1053 | D:3      | Reached skill level 1 in Short Blades
  1186 | D:3      | Reached XP level 5. HP: 22/27 MP: 4/10
  1346 | D:3      | Found a shattered altar of Ashenzari.
  1349 | D:3      | Found a sacrificial altar of Ru.
  1353 | D:3      | Found a hide-covered altar of Uskayaw.
  1728 | D:3      | Noticed dscm's ghost (weakling OpNe)
  1778 | D:3      | You fall through a shaft!
  1811 | D:4      | Reached skill level 5 in Stealth
  1832 | D:4      | Noticed an ogre
  1846 | D:4      | Reached skill level 3 in Fighting
  1846 | D:4      | Reached skill level 2 in Short Blades
  1920 | D:4      | Reached XP level 6. HP: 32/32 MP: 9/11
  2041 | D:5      | Entered Level 5 of the Dungeon
  2066 | D:5      | Reached skill level 6 in Stealth
  2083 | D:5      | Noticed Pikel
  2083 | D:5      | Noticed a slave
  2087 | D:5      | Noticed a slave
  2088 | D:5      | Noticed a slave
  2090 | D:5      | Noticed a slave
  2095 | D:5      | HP: 1/33 [Pikel/whip of freezing (7)]
  2095 | D:5      | Slain by Pikel

Skill      XL: |  1  2  3  4  5  6 |
---------------+-------------------+-----
Stealth        | 3 4 5 6 |  6.0
Fighting       | 1 2 3 |  3.6
Short Blades   | 1 2 |  2.6
Dodging        | |  1.5
Spellcasting   | |  3.2
Conjurations   | |  1.0
Summonings     | |  1.0
Translocations | |  1.0

Action                   |  1- 3 |  4- 6 || total
-------------------------+-------+-------++-------
Melee: Club              |     3 |       ||     3
       Dagger            |     5 |    96 ||   101
       Bite              |     3 |    33 ||    36
       Whip              |     1 |       ||     1
       Unarmed           |       |    26 ||    26
       War axe           |       |    25 ||    25
 Cast: Magic Dart        |    54 |    83 ||   137
  Use: Potion            |       |     3 ||     3
       Scroll            |       |     4 ||     4
 Stab: Sleeping          |     1 |    10 ||    11
  Eat: Chunk             |       |     3 ||     3
       Ration            |       |     1 ||     1
Armor: Robe              |     5 |     5 ||    10
       Leather armour    |       |    24 ||    24
       Skin              |       |    26 ||    26
Dodge: Dodged            |    11 |    96 ||   107

Table legend:
 A = Turns spent in this place as a percentage of turns spent in the entire game.
 B = Non-inter-level travel turns spent in this place as a percentage of non-inter-level travel turns spent in the entire game.
 C = Inter-level travel turns spent in this place as a percentage of turns spent in this place.
 D = Turns resting spent in this place as a percentage of non-inter-level travel turns spent in this place.
 E = Turns spent auto-exploring this place as a percentage of non-inter-level travel turns spent in this place.
 F = Non-inter-level travel turns spent in this place divided by the number of levels of this place that you've seen.
                   A       B       C       D       E      F
               +-------+-------+-------+-------+-------+----------------------
         Total | 100.0 | 100.0 |   4.6 |   0.2 |   0.0 | 399.8
       Dungeon | 100.0 | 100.0 |   4.6 |   0.2 |   0.0 | 399.8
               +-------+-------+-------+-------+-------+----------------------

Table legend:
 A = Kills in this place as a percentage of kills in entire the game.
 B = Kills by you in this place as a percentage of kills by you in the entire game.
 C = Kills by friends in this place as a percentage of kills by friends in the entire game.
 D = Other kills in this place as a percentage of other kills in the entire game.
 E = Experience gained in this place as a percentage of experience gained in the entire game.
 F = Experience gained in this place divided by the number of levels of this place that you have seen.
                   A       B       C       D       E      F
               +-------+-------+-------+-------+-------+----------------------
         Total | 100.0 | 100.0 |   N/A |   N/A | 100.0 | 116.4
       Dungeon | 100.0 | 100.0 |   N/A |   N/A | 100.0 | 116.4
               +-------+-------+-------+-------+-------+----------------------

Vault maps used:
D:1:      lightli_arrival_lavapool, item_on_display_a
D:2:      minmay_kobold_bridge, first_ration, uniq_jessica
D:3:      minmay_door_path, nicolae_overflow_hidden_temple,
          kennysheep_okawaru_gauntlet
D:5:      nicolae_overflow_crystal_walls, lemuel_round_altar, uniq_duvessa,
          uniq_grinder, uniq_pikel
